 Dungeon Crawl Stone Soup version 0.29.1-2-gbd0b4ee654 (webtiles) character file.

Game seed: 10190768472720146758

104171 croobank the Carver (level 15, -1/201 HPs)
             Began as a Green Draconian Summoner on Nov 16, 2022.
             Was an Initiate of Gozag.
             Slain by a naga warrior
             ... wielding a +1 hand axe of venom
              (29 damage)
             ... on level 2 of the Snake Pit.
             The game lasted 02:22:18 (41644 turns).

croobank the Carver (Green Draconian Summoner)     Turns: 41644, Time: 02:22:18

Health: -1/201     AC: 31    Str: 21    XL:     15   Next: 91%
Magic:  29/29      EV: -1    Int: 30    God:    Gozag
Gold:   90         SH:  5    Dex: 13    Spells: 3/34 levels left

rFire   + . .      SeeInvis .   N - +10 long sword "Killer Bee's Bane" {flame, rPois rN+ Int+3}
rCold   + . .      Faith    .   I - +0 buckler of Weightlessness {Str+4 Slay+3}
rNeg    + . .      Spirit   .   (body armour unavailable)
rPois   +          Reflect  .   (helmet currently unavailable)
rElec   +          Harm     .   (cloak currently unavailable)
rCorr   +          Rampage  .   (gloves currently unavailable)
Will    +....      NoTele   +   (boots currently unavailable)
Stlth   ++++......              (no amulet)
HPRegen 0.43/turn               F - +6 ring of intelligence
MPRegen 0.21/turn               S - ring "Ohodacie" {AC+4 Str+6}

@: mighty, lethally poisoned (-1 -> -9), tree-form, resistant, gold aura,
hasted, constricted, very quick
A: stationary, stasis, torment immunity, boosted hp, (breathe noxious fumes), AC
+9, unfitting armour, (stinger 1), (poison resistance), (cold-blooded)
a: End Transformation, Renounce Religion, Potion Petition, Call Merchant, Bribe
Branch


You were on level 2 of the Snake Pit.
You worshipped Gozag.
Gozag was noncommittal.
You were a tree.
You visited 5 branches of the dungeon, and saw 25 of its levels.
You also visited: Ossuary.

You collected 8207 gold pieces.
You spent 1733 gold pieces at shops.
You paid 6384 gold pieces to Gozag.

Inventory:

Hand Weapons
 a - a +7 vampiric scimitar
 b - a +1 vorpal broad axe
 m - a +4 dagger of speed
 M - the +9 lance "Wyrmbane" {slay drac, rPois rF+ rC+ AC+3}
   (You acquired it on level 13 of the Dungeon)

   It inflicts extra damage against dragons and draconians.
   AC:        It affects your AC (+3).
   rF:        It protects you from fire.
   rC:        It protects you from cold.
   rPois:     It protects you from poison.
 N - the +10 long sword "Killer Bee's Bane" (weapon) {flame, rPois rN+ Int+3}
   (You found it on level 15 of the Dungeon)

   It burns those it strikes, dealing additional fire damage.
   Big, fiery blades are also staple armaments of hydra-hunters.
   Int:       It affects your intelligence (+3).
   rPois:     It protects you from poison.
   rN:        It protects you from negative energy.
 W - the +8 whip "Snakebite" {venom, curare, rPois}
   (You found it on level 3 of the Lair of Beasts)

   It poisons the flesh of those it strikes.
   It occasionally inflicts asphyxiating poison on those it strikes, dealing
   poison damage and causing slowness.
   rPois:     It protects you from poison.
Missiles
 w - 7 throwing nets
Armour
 k - a +2 pair of gloves (melded)
 l - the +2 hood of the Assassin (melded) {Detection Stab+ Stlth++}
   (You found it on level 5 of the Lair of Beasts)

   It allows the wearer to sense nearby creatures.
   It allows the wearer to make particularly effective stabbing attacks against
   helpless or unaware enemies with any weapon.
   Stlth:     It makes you much more stealthy.
 r - a +2 cloak (melded)
 I - the +0 buckler of Weightlessness (worn) {Str+4 Slay+3}
   (You acquired it on level 2 of the Lair of Beasts)

   Str:       It affects your strength (+4).
   Slay:      It affects your accuracy & damage with ranged weapons and melee
   (+3).
 T - the +1 pair of boots "Zerieph" (melded) {Str+5}
   (You acquired it on level 2 of the Lair of Beasts)

   Str:       It affects your strength (+5).
Jewellery
 j - a ring of willpower
 o - a ring of wizardry
 p - a ring of ice
 B - a ring of protection from cold
 D - a ring of magical power
 F - a +6 ring of intelligence (left branch)
 H - a ring of fire
 L - a ring of protection from cold
 S - the ring "Ohodacie" (right branch) {AC+4 Str+6}
   (You acquired it on level 2 of the Lair of Beasts)

   [ring of protection]

   AC:        It affects your AC (+4).
   Str:       It affects your strength (+6).
 V - a +4 ring of evasion
Wands
 d - a wand of acid (8)
 q - a wand of paralysis (8)
 y - a wand of roots (14)
 G - a wand of flame (32)
 Z - a wand of digging (8)
Scrolls
 e - 11 scrolls of teleportation
 g - a scroll of vulnerability
 n - 2 scrolls of magic mapping
 v - 5 scrolls of amnesia
 z - a scroll of blinking
 C - 5 scrolls of poison
 E - 2 scrolls of silence
 J - 12 scrolls of identify
 K - 4 scrolls of fog
Potions
 c - 14 potions of curing
 f - 7 potions of attraction
 h - 4 potions of invisibility
 i - a potion of magic
 s - 4 potions of brilliance
 t - 4 potions of cancellation
 u - 3 potions of flight
 x - 3 potions of resistance
 A - a potion of ambrosia
 O - 3 potions of mutation
 P - 4 potions of haste
 Q - 3 potions of heal wounds
 R - 5 potions of berserk rage
 U - a potion of might
Miscellaneous
 Y - a lightning rod (4/4)


   Skills:
 * Level 12.3 Fighting
 + Level 12.7 Long Blades
 * Level 10.7 Dodging
 - Level 7.5 Stealth
 - Level 7.0 Shields
 - Level 10.0 Spellcasting
 - Level 5.0 Hexes
 * Level 12.0 Summonings
 + Level 2.8 Translocations
 - Level 5.0 Transmutations
 - Level 7.0 Air Magic


You had 3 spell levels left.
You knew the following spells:

 Your Spells              Type           Power      Damage    Failure   Level
a - Summon Small Mammal   Summ           100%       N/A       1%          1
b - Call Imp              Summ           72%        N/A       1%          2
c - Call Canine Familiar  Summ           72%        N/A       1%          3
d - Summon Guardian Gole  Hex/Summ       60%        N/A       1%          3
e - Summon Lightning Spi  Summ/Air       64%        N/A       1%          4
f - Summon Cactus Giant   Summ           36%        N/A       4%          6
g - Cause Fear            Hex            22%        N/A       5%          4
h - Tukima's Dance        Hex            45%        N/A       1%          3
i - Yara's Violent Unrav  Hex/Tmut       22%        3d10      16%         5

Your spell library contained the following spells:

 Spells                   Type           Power      Damage    Failure   Level
 Portal Projectile        Hex/Tloc       76%        N/A       2%          3
 Mephitic Cloud           Conj/Pois/Air  28%        N/A       5%          3
 Scorch                   Fire           30%        2d6       7%          2
 Vampiric Draining        Necr           15%        2d7       13%         3
 Silence                  Hex/Air        25%        N/A       11%         5
 Passage of Golubria      Tloc           31%        N/A       14%         4
 Leda's Liquefaction      Hex/Erth       15%        N/A       16%         4
 Flame Wave               Conj/Fire      15%        2d7       41%         4
 Olgreb's Toxic Radiance  Pois           15%        N/A       41%         4
 Eringya's Noxious Bog    Tmut/Pois      15%        N/A       94%         6
 Dragon Form              Tmut           22%        N/A       99%         7
 Ozocubu's Refrigeration  Ice            7%         4d9       100%        7
 Ignition                 Fire           7%         3d5       100%        8
 Lehudib's Crystal Spear  Conj/Erth      7%         10d3      100%        8
 Necromutation            Tmut/Necr      15%        N/A       100%        8
 Dragon's Call            Summ           36%        N/A       100%        9


Dungeon Overview and Level Annotations

Branches:
Dungeon (15/15)            Temple (1/1) D:5            Lair (5/5) D:9
  Swamp (0/4) Lair:2        Snake (2/4) Lair:3        Slime (0/5) Lair:4
    Orc (2/2) D:12            Elf (0/3) Orc:2        Vaults (0/5) D:13
 Depths (0/4) D:15        Ossuary (visited)

Altars:
Ashenzari
Cheibriados
Dithmenos
Elyvilon
Fedhas
Gozag
Hepliaklqana
Kikubaaqudgha
Makhleb
Nemelex Xobeh
Qazlal
Ru
Sif Muna
Trog
Uskayaw
Vehumet
Wu Jian
Xom
Yredelemnul
Zin
The Shining One
Jiyva

Shops:
D:9 !   D:11 (   D:14 !   Orc:1 [??*!   Orc:2 *[:(=   Snake:1 !::(

Portals:
Abyss: D:12

Annotations:
D:12 2 transporters, Mig's ghost, journeyman DsCA


Innate Abilities, Weirdness & Mutations

You are a tree.
Your roots penetrate the ground, keeping you stationary.
You cannot be teleported.
You are immune to unholy pain and torment.
Your maximum health is greatly increased.
Your equipment is partially melded.
((You can breathe blasts of noxious fumes.))
((Your lurid green scales are hard. (AC +9)))
You cannot fit into any form of body armour.
((Your tail ends in a venomous barb.))
((Your system is resistant to poisons. (rPois)))
((You are cold-blooded and may be slowed by cold attacks.))


Message History

You are more poisoned.
You resist. [a] - 350 gold - resistance and might [b] - 290 gold - resistance [c] - 540 gold - resistance, might, haste and lignification Purchase which effect?
You no longer have enough gold to petition Gozag for potion effects.
You feel protected.
You feel very mighty all of a sudden.
You feel yourself speed up.
You turn into a tree.
Your +2 cloak melds into your body.
The +2 hood of the Assassin {Detection Stab+ Stlth++} melds into your body.
Your +2 pair of gloves melds into your body.
The +1 pair of boots "Zerieph" {Str+5} melds into your body.
Your roots penetrate the ground.
You feel sick.
The naga warrior is distracted by your dazzling golden aura.
The naga warrior hits you from afar with a +0 trident.
* * * LOW HITPOINT WARNING * * *
The naga spits poison at you.
The splash of poison hits you but does no damage.
You are more poisoned.
You resist.
You barely miss the naga warrior.
The naga warrior is no longer distracted by gold.
The naga warrior is moderately wounded.
You feel sick.
The naga warrior hits you from afar with a +0 trident!
* * * LOW HITPOINT WARNING * * *
You slice the naga warrior!! You burn the naga warrior!
The naga warrior is almost dead.
You feel sick.
The naga warrior hits you with a +1 hand axe of venom!
* * * LOW HITPOINT WARNING * * *
The naga warrior grabs you. The naga warrior constricts you.
The naga hits you but does no damage.
You feel much better.
You feel sick.
The naga warrior looks more healthy.
The naga warrior hits you from afar with a +0 trident!
* * * LOW HITPOINT WARNING * * *
The naga warrior hits you with a +1 hand axe of venom!!
You die...
Your body crumbles into a pile of gold.

.## ... $
..# #.#
#.## #..
##.# #.<#
##♣##
#NN#
#...^N.##
#..###...
#....
##....
#..#..
##....#
.. ##


You could see 2 naga warriors and a naga (strong, catching breath).

Vanquished Creatures
  Saint Roka (Orc:2)
  Rupert (Lair:4)
  Gastronok (Lair:2)
  An orc warlord (Orc:1)
  A fire dragon (D:15)
  Josephine (Lair:4)
  2 boulder beetles
  3 centaur warriors
  4 catoblepae
  4 hydras
  A two-headed ogre (D:12)
  2 naga warriors (Snake:1)
  2 anacondas (Snake:1)
  2 shock serpents (Snake:1)
  3 tengu warriors
  A nameless horror (D:11)
  2 death yaks (Lair:5)
  5 naga sharpshooters (Snake:1)
  2 orc high priests (Orc:2)
  A shadow wraith (D:13)
  A bog body (Lair:2)
  2 orc knights (Orc:2)
  Pikel (D:8)
  2 deep elf pyromancers
  4 ugly things
  6 orc sorcerers (Orc:2)
  4 cyclopes
  2 salamanders (Snake:1)
  4 manticores
  A naga mage (Snake:1)
  3 elephants (Lair:4)
  13 black mambas
  A guardian serpent (Snake:2)
  A torpor snail (Lair:4)
  3 gargoyles (D:12)
  5 cane toads
  5 komodo dragons
  A kobold demonologist (D:12)
  An unseen horror (D:11)
  A rime drake (Lair:5)
  9 trolls
  2 tengu conjurers
  Prince Ribbit (D:9)
  9 blink frogs
  14 slime creatures
  29 yaks
  2 shadows
  A wyvern (Lair:2)
  3 wraiths
  2 swamp worms (Lair:2)
  2 wargs
  6 vampire mosquitoes
  Menkaure (D:6)
  2 acid dragons
  4 nagas (Snake:1)
  13 water moccasins
  An ice beast (D:6)
  20 orc warriors
  4 ogres
  13 wolves
  A phantom (D:6)
  5 centaurs
  4 kobold brigands
  2 lemures (D:7)
  An elf zombie (Ossuary)
  4 bullfrogs
  A scorpion (Lair:2)
  9 killer bees
  3 electric eels
  A howler monkey (D:11)
  2 gnoll boudas
  Crazy Yiuf (D:6)
  2 hounds (D:6)
  3 orc priests
  Natasha (twice) (D:3)
  7 orc wizards
  9 gnolls
  4 adders
  A white imp (D:8)
  An adder zombie (Ossuary)
  20 orcs
  2 ball pythons
  A bat (D:1)
  An endoplasm (D:1)
  A giant cockroach (D:2)
  4 goblins
  3 hobgoblins
  14 kobolds
  A quokka (D:4)
  A frilled lizard (D:2)
  3 goblin zombies (Ossuary)
  3 kobold zombies (Ossuary)
  3 orc zombies (Ossuary)
  2 rats
361 creatures vanquished.

Vanquished Creatures (collateral kills)
  An orc warlord (Orc:2)
  An ettin (D:13)
  A boulder beetle (D:14)
  A catoblepas (Lair:5)
  2 hydras
  A two-headed ogre (D:13)
  An anaconda (Snake:1)
  A naga warrior (Snake:1)
  A centaur warrior (D:13)
  A tengu warrior (D:14)
  Urug (Lair:5)
  3 naga sharpshooters (Snake:1)
  An orc knight (Orc:2)
  A mana viper (Snake:1)
  An orc sorcerer (Orc:2)
  3 manticores
  A guardian serpent (shapeshifter) (D:13)
  2 naga magi (Snake:1)
  4 black mambas
  2 cane toads
  2 rime drakes
  2 komodo dragons
  A tengu conjurer (D:15)
  4 polar bears (Lair:4)
  A hornet (D:9)
  4 blink frogs (Lair:5)
  24 yaks
  A nameless horror (Snake:1)
  5 wraiths
  A vampire mosquito (D:11)
  A swamp worm (Lair:2)
  3 wargs (Orc:1)
  8 water moccasins
  2 nagas (Snake:1)
  2 sky beasts (D:7)
  An ice beast (D:7)
  10 orc warriors
  3 ogres
  A centaur (D:14)
  7 wolves (Lair:1)
  An elf zombie (Ossuary)
  A kobold brigand (D:12)
  3 bullfrogs
  2 necrophages
  A scorpion (D:5)
  2 howler monkeys
  2 centaur zombies (Ossuary)
  3 hounds
  3 orc priests
  2 jellies
  A gnoll bouda (D:7)
  Natasha (D:3)
  9 orc wizards
  Robin (D:3)
  7 gnolls
  10 adders
  2 shadow imps (D:7)
  2 white imps
  4 worms
  2 dart slugs
  29 orcs
  3 ball pythons
  A bat (D:1)
  4 endoplasms
  14 goblins
  3 hobgoblins
  5 kobolds
  3 quokkas
  2 frilled lizards
  A goblin zombie (Ossuary)
  4 hobgoblin zombies (Ossuary)
  4 kobold zombies (Ossuary)
  8 orc zombies (Ossuary)
  2 rats (D:2)
  A rat zombie (Ossuary)
256 creatures vanquished.

Vanquished Creatures (others)
  A stone giant (D:15)
  Harold (D:9)
  A boulder beetle (Lair:3)
  Erica (Lair:1)
  2 death yaks (Lair:5)
  2 two-headed ogres
  2 black mambas (Lair:3)
  A komodo dragon (Lair:2)
  A wyvern (D:7)
  19 yaks
  2 dancing weapons
  3 water moccasins
  A sky beast (D:7)
  An ice beast (D:4)
  A black bear (D:5)
  An ogre (D:4)
  13 wolves (Lair:1)
  A centaur (D:12)
  A phantom (D:5)
  A gnoll sergeant (D:7)
  A scorpion (D:6)
  A human zombie (Ossuary)
  A gnoll bouda (D:6)
  3 iguanas (D:5)
  2 mummies (Ossuary)
  2 gnolls
  An orc (D:12)
  3 hobgoblin zombies (Ossuary)
  An orc zombie (Ossuary)
  61 fungi
  47 plants
179 creatures vanquished.

Grand Total: 796 creatures vanquished

Notes
Turn   | Place    | Note
-------+----------+-------------------------------------------
     0 | D:1      | croobank the Draconian Summoner began the quest for the
                  | Orb.
     0 | D:1      | Reached XP level 1. HP: 14/14 MP: 3/3
   411 | D:1      | Reached XP level 2. HP: 10/20 MP: 1/5
   571 | D:1      | Learned a level 2 spell: Call Imp
  1179 | D:2      | Reached XP level 3. HP: 14/27 MP: 1/6
  1183 | D:2      | Learned a level 3 spell: Call Canine Familiar
  1430 | D:2      | Reached skill level 1 in Fighting
  1737 | D:2      | Found a faded altar of an unknown god.
  1867 | D:2      | Found a burning altar of Makhleb.
  2287 | D:2      | Reached XP level 4. HP: 35/35 MP: 3/7
  2731 | D:3      | Found a shimmering blue altar of Sif Muna.
  2731 | D:3      | Found a glowing silver altar of Zin.
  3021 | D:3      | Noticed Natasha
  3032 | D:3      | Killed Natasha
  3248 | D:3      | Noticed Robin
  3253 | D:3      | Killed Robin
  3271 | D:3      | Reached XP level 5. HP: 41/41 MP: 2/9
  3444 | D:3      | Noticed Natasha
  3455 | D:3      | Killed Natasha
  3743 | D:3      | Noticed Natasha
  3750 | D:3      | Killed Natasha
  3862 | D:3      | Learned a level 3 spell: Summon Guardian Golem
  4186 | D:4      | Reached XP level 6. HP: 33/50 MP: 1/10
  4380 | D:4      | Noticed an ice beast
  4407 | D:4      | Killed an ice beast
  4408 | D:4      | Reached skill level 5 in Summonings
  4664 | D:4      | Reached skill level 1 in Hexes
  5070 | D:4      | Your scales start taking on a lurid green colour.
  5070 | D:4      | Reached XP level 7. HP: 57/57 MP: 3/12
  5070 | D:4      | Gained mutation: Your system is resistant to poisons.
                  | (rPois) [Green Draconian growth]
  5556 | D:4      | You fall into a shaft and drop 1 floor!
  5556 | D:5      | Entered Level 5 of the Dungeon
  5556 | D:5      | Found a staircase to the Ecumenical Temple.
  5561 | Temple   | Entered the Ecumenical Temple
  5606 | Temple   | Became a worshipper of Gozag Ym Sagoz the Greedy
  7214 | D:5      | Reached XP level 8. HP: 66/66 MP: 7/14
  7537 | D:6      | Noticed Menkaure
  7623 | D:6      | Killed Menkaure
  8121 | D:6      | Found a sand-covered staircase.
  8129 | Ossuary  | Entered an ossuary
  8385 | Ossuary  | Reached skill level 5 in Stealth
  8643 | D:6      | Identified the +12 sling of Stickiness {freeze, rElec rPois
                  | Int-3}
  8920 | D:6      | Reached skill level 5 in Fighting
  8926 | D:6      | Learned a level 4 spell: Summon Lightning Spire
  8962 | D:6      | Found a white marble altar of Elyvilon.
  9059 | D:6      | Reached XP level 9. HP: 74/74 MP: 4/16
  9364 | D:6      | Found a runed translucent door.
  9365 | D:6      | Noticed Crazy Yiuf
  9824 | D:7      | Reached skill level 1 in Air Magic
  9829 | D:7      | Reached skill level 5 in Dodging
  9829 | D:7      | Reached skill level 5 in Spellcasting
 10492 | D:7      | Got Cehyacs's Parchment of the Black Widow and Darkness
 12239 | D:7      | Learned a level 6 spell: Summon Cactus Giant
 12282 | D:8      | Reached XP level 10. HP: 55/83 MP: 18/18
 12958 | D:8      | Noticed Pikel
 13776 | D:8      | Killed Pikel
 13954 | D:9      | Reached skill level 5 in Hexes
 15026 | D:9      | Noticed Prince Ribbit
 15043 | D:9      | HP: 4/84 [Prince Ribbit (12)]
 15960 | D:9      | Found a staircase to the Lair.
 16038 | D:9      | Found Lukybreg's Distillery.
 16061 | D:9      | Bought a potion of resistance for 140 gold pieces
 16061 | D:9      | Bought a potion of might for 56 gold pieces
 16180 | D:9      | Noticed Harold
 16192 | D:9      | Killed Harold
 16644 | D:10     | Entered Level 10 of the Dungeon
 16645 | D:10     | Noticed a two-headed ogre
 16653 | D:10     | Killed a two-headed ogre
 16662 | D:9      | Reached XP level 11. HP: 82/92 MP: 7/21
 16840 | D:9      | Learned a level 4 spell: Cause Fear
 17532 | Lair:1   | Entered Level 1 of the Lair of Beasts
 17532 | Lair:1   | Noticed Erica
 17547 | Lair:1   | Killed Erica
 17563 | Lair:1   | Reached skill level 5 in Air Magic
 18010 | Lair:1   | Reached skill level 1 in Long Blades
 19105 | Lair:2   | Reached skill level 5 in Long Blades
 19164 | Lair:2   | Identified 3 scrolls of acquirement
 19164 | Lair:2   | Acquired the ring "Ohodacie" {AC+4 Str+6}
 19226 | Lair:2   | Acquired the +1 pair of boots "Zerieph" {Str+5}
 19238 | Lair:2   | Acquired the +0 buckler of Weightlessness {Str+4 Slay+3}
 19570 | Lair:2   | Noticed Gastronok
 19589 | Lair:2   | Killed Gastronok
 19801 | Lair:2   | Reached XP level 12. HP: 75/101 MP: 22/22
 20646 | Lair:2   | Found a staircase to the Swamp.
 20855 | Lair:3   | Found a staircase to the Snake Pit.
 21160 | Lair:3   | Noticed an eight-headed hydra
 21175 | Lair:3   | Killed a six-headed hydra
 21176 | Lair:3   | Reached skill level 10 in Long Blades
 21210 | Lair:3   | Noticed a boulder beetle
 21240 | Lair:3   | Killed a boulder beetle
 22064 | Lair:3   | Reached skill level 1 in Shields
 22157 | Lair:3   | Found the +8 whip "Snakebite" {venom, curare, rPois}
 22417 | Lair:3   | Identified the +6 hand axe of Ragnarok {vamp, *Slow rC+++
                  | MP-9 SInv}
 22836 | Lair:4   | Noticed Rupert
 22845 | Lair:4   | Killed Rupert
 23234 | Lair:4   | Found a staircase to the Slime Pits.
 23236 | Lair:4   | Found a viscous altar of Jiyva.
 23346 | Lair:4   | Reached XP level 13. HP: 96/108 MP: 18/24
 23421 | Lair:4   | Noticed Josephine
 23438 | Lair:4   | Killed Josephine
 23903 | Lair:4   | You fall into a shaft and drop 1 floor!
 23903 | Lair:5   | Entered Level 5 of the Lair of Beasts
 25300 | Lair:5   | Noticed Urug
 25321 | Lair:5   | Killed Urug
 26533 | Lair:5   | Found the +2 hood of the Assassin {Detection Stab+ Stlth++}
 26544 | Lair:5   | Reached skill level 5 in Shields
 26544 | Lair:5   | Gained mutation: Your tail ends in a venomous barb. [Green
                  | Draconian growth]
 26544 | Lair:5   | Reached XP level 14. HP: 109/119 MP: 26/26
 27160 | D:10     | Reached skill level 10 in Summonings
 27887 | D:11     | Reached skill level 10 in Fighting
 28267 | D:11     | Found Jeydi's Antique Weapon Shoppe.
 28704 | D:12     | Found a staircase to the Orcish Mines.
 28717 | D:12     | Reached skill level 1 in Transmutations
 29026 | D:12     | Found a one-way gate to the infinite horrors of the Abyss.
 29026 | D:12     | Noticed Mig's ghost (journeyman DsCA)
 29038 | D:12     | Noticed a purple very ugly thing
 29052 | D:12     | Found a transporter.
 29058 | D:12     | Found a transporter.
 29342 | D:13     | Acquired the +8 lance "Wyrmbane" {slay drac, rPois rF+ rC+
                  | AC+3}
 29342 | D:13     | Found the +8 lance "Wyrmbane" {slay drac, rPois rF+ rC+
                  | AC+3}
 30022 | D:13     | Found a gate to the Vaults.
 30699 | D:14     | Found Zynacs's Distillery.
 30966 | D:14     | Found a sacrificial altar of Ru.
 32723 | Orc:1    | Entered Level 1 of the Orcish Mines
 32892 | Orc:1    | Noticed an orc warlord
 33145 | Orc:2    | Entered Level 2 of the Orcish Mines
 33154 | Orc:2    | Found Nuamud's Antique Weapon Emporium.
 33501 | Orc:2    | Reached XP level 15. HP: 64/129 MP: 24/28
 33507 | Orc:2    | Learned a level 3 spell: Tukima's Dance
 34009 | Orc:1    | Found Uwik's Magic Scroll Boutique.
 34031 | Orc:1    | Killed an orc warlord
 34280 | Orc:1    | Bought a scroll of silence for 152 gold pieces
 34280 | Orc:1    | Bought a scroll of blinking for 120 gold pieces
 34280 | Orc:1    | Bought a scroll of immolation for 64 gold pieces
 34651 | Orc:2    | Noticed an orc warlord
 34658 | Orc:2    | Noticed Saint Roka
 34668 | Orc:2    | Killed an orc warlord
 34772 | Orc:2    | Killed Saint Roka
 35414 | Orc:2    | Reached skill level 10 in Spellcasting
 35737 | Orc:2    | Found Peref's Jewellery Boutique.
 35745 | Orc:2    | Found Rouruu's Book Boutique.
 35751 | Orc:2    | Found Suza's General Store.
 35878 | Orc:2    | Found Amalul's Antique Armour Shoppe.
 35924 | Orc:2    | Found a staircase to the Elven Halls.
 36067 | Orc:1    | Bought 3 potions of invisibility for 384 gold pieces
 36067 | Orc:1    | Bought a potion of resistance for 160 gold pieces
 36067 | Orc:1    | Bought a potion of heal wounds for 80 gold pieces
 36067 | Orc:1    | Bought a potion of invisibility for 128 gold pieces
 36387 | Orc:1    | Bought a scroll of enchant armour for 127 gold pieces
 36597 | D:6      | Killed Crazy Yiuf
 36722 | D:9      | Killed Prince Ribbit
 36723 | D:9      | Reached skill level 10 in Dodging
 37023 | D:15     | Entered Level 15 of the Dungeon
 37153 | D:15     | Found a staircase to the Depths.
 37532 | D:15     | Reached skill level 5 in Transmutations
 37851 | D:15     | Reached skill level 1 in Translocations
 37977 | D:15     | Identified the +10 long sword "Killer Bee's Bane" {flame,
                  | rPois rN+ Int+3}
 38546 | Lair:3   | Learned a level 5 spell: Yara's Violent Unravelling
 38547 | Snake:1  | Entered Level 1 of the Snake Pit
 38561 | Snake:1  | Found Myocuyca's Book Boutique.
 38564 | Snake:1  | Found Zachol's Weapon Boutique.
 38564 | Snake:1  | Found Sanwol's Distillery.
 38569 | Snake:1  | Found Nuvvetiz's Book Shop.
 39233 | Snake:1  | Bought 2 potions of berserk rage for 140 gold pieces
 39233 | Snake:1  | Bought a potion of heal wounds for 70 gold pieces
 39233 | Snake:1  | Bought a potion of cancellation for 112 gold pieces
 41644 | Snake:2  | Slain by a naga warrior

Illustrated notes

Levels and vault maps discovered:
D:1:      evilmike_arrival_hilbert_curve, layout_rooms, serial_forest,
          infiniplex_forest_diagonal, infiniplex_forest_corner_2,
          infiniplex_forest_side_room, infiniplex_forest_clump_curved,
          infiniplex_forest_end_2, infiniplex_forest_split,
          infiniplex_forest_straight_3
D:2:      layout_basic, basic_altar, shapermc_ecumenical_altar_mp_urbaneastern,
          hangedman_decor_points, corexii_item_surrounded_by_moat
D:3:      layout_basic, chequers_temple_overflow_statue_of_worship,
          minmay_misc_feat_enclosed, uniq_robin, uniq_natasha
D:4:      layout_basic
D:5:      layout_gridville, minmay_temple_entry_sparse_star
D:6:      layout_loops_ring, mainiacjoe_overflow_tiny_flanked,
          lightli_ossuary_entry_decrepit_ruins, uniq_menkaure,
          uniq_crazy_yiuf_cottage
D:7:      layout_cave_pods, st_stairs_5, dreamdust_gnoll_shepherd
D:8:      layout_rooms, uniq_pikel
D:9:      layout_loops_cross, lair_entry_dummy, serial_shops, shop_coins,
          minmay_misc_feat_five, uniq_prince_ribbit1, uniq_harold
D:10:     layout_loops_cross, grunt_decor_junction
D:11:     layout_loops_ring, serial_shops, nicolae_square_shop
D:12:     layout_gridville, david_orc_2, serial_glass, glass_columns_a,
          glass_columns_c, gammafunk_ghost_abyssal_escape
D:13:     layout_irregular_city, david_vaults_4
D:14:     layout_grid_maze, nrook_campfire, serial_shops, nicolae_stop_n_shop_2,
          nicolae_ru_awakened_eye
D:15:     grunt_enter_depths_giant_problem, layout_cave_pods
Temple:   nicolae_temple_bog_church
Lair:1:   layout_cellular_growth, grunt_forest_large_clearings, uniq_erica
Lair:2:   layout_loops_ring, nicolae_swamp_entry_splash_gauntlet,
          serial_bayou_pond_b, columned_hall_lemuel, uniq_gastronok
Lair:3:   minmay_guarded_unrand_snakebite, layout_regular_city,
          minmay_snake_entry_six_corridors
Lair:4:   layout_roguey, slime_entry_1, beast_lair_carwin_9, uniq_josephine,
          uniq_rupert
Lair:5:   evilmike_catoblepas_cave, layout_cellular_growth,
          serial_bayou_shore_a, uniq_urug
Snake:1:  nicolae_snake_crotalidae_crossing, layout_chambers, minmay_shoptagon
Snake:2:  layout_layer_cave, nicolae_wooded_promenade
Orc:1:    layout_caves, serial_shops, nicolae_shop_hallway_plus, basic_altar,
          nicolae_orc_stony_grotto
Orc:2:    grunt_orc_gardens, layout_diamond_mine, grunt_orc_garden,
          grunt_orc_garden, grunt_orc_garden, grunt_orc_garden, serial_shops,
          nicolae_shop_stone, uniq_saint_roka

Skill      XL: |  1  2  3  4  5  6  7  8  9 10 11 12 13 14 15 |
---------------+----------------------------------------------+-----
Stealth        | 2 3 4 5 6 7 |  7.5
Dodging        | 2 3 4 5 6 7 8 9 10 | 10.7
Fighting       | 1 2 3 4 5 6 7 8 9 11 12 | 12.3
Spellcasting   | 3 4 5 6 7 8 9 10 | 10.0
Summonings     | 5 6 7 8 9 10 12 | 12.0
Hexes          | 1 2 3 4 5 |  5.0
Air Magic      | 3 4 5 6 7 |  7.0
Long Blades    | 8 11 12 | 12.7
Shields        | 2 5 7 |  7.0
Transmutations | 3 5 |  5.0
Translocations | 2 |  2.8

Action                   |  1- 3 |  4- 6 |  7- 9 | 10-12 | 13-15 || total
-------------------------+-------+-------+-------+-------+-------++-------
Melee: Unarmed           |    79 |    43 |       |       |       ||   122
       Tailslap          |    15 |     7 |    31 |   118 |   136 ||   307
       Dagger            |       |    33 |   240 |   470 |       ||   743
       Rapier            |       |     5 |       |       |       ||     5
       Punch             |       |     2 |     3 |     8 |       ||    13
       Scimitar          |       |       |       |   211 |   640 ||   851
       Long sword        |       |       |       |       |   150 ||   150
       Lance             |       |       |       |       |    10 ||    10
 Fire: Sling             |       |       |       |       |     2 ||     2
 Cast: Summon Small Mamm |    19 |    20 |    45 |    33 |     6 ||   123
       Call Imp          |     7 |    14 |    10 |    13 |     2 ||    46
       Call Canine Famil |     8 |    21 |    40 |    29 |    37 ||   135
       Summon Guardian G |       |     5 |    31 |    32 |    33 ||   101
       Summon Lightning  |       |       |     7 |    18 |    83 ||   108
       Summon Cactus Gia |       |       |       |     4 |    23 ||    27
       Cause Fear        |       |       |       |     4 |       ||     4
       Tukima's Dance    |       |       |       |       |    10 ||    10
Invok: Potion Petition   |       |       |     1 |     2 |     3 ||     6
       Call Merchant     |       |       |       |       |     4 ||     4
 Abil: Breathe Noxious F |       |       |    12 |    30 |    46 ||    88
Evoke: Wand              |       |       |       |     8 |     8 ||    16
       Lightning rod     |       |       |       |       |     2 ||     2
  Use: Scroll            |       |    12 |    13 |    12 |    13 ||    50
       Potion            |       |       |     1 |     6 |     6 ||    13
 Stab: Sleeping          |     4 |     2 |     1 |     6 |    17 ||    30
       Confused          |       |       |     5 |    16 |    15 ||    36
       Distracted        |       |       |     1 |     7 |    16 ||    24
       Petrified         |       |       |       |       |     4 ||     4
       Petrifying        |       |       |       |       |     1 ||     1
       Invisible         |       |       |       |       |     2 ||     2
Armor: Skin              |    39 |    32 |   101 |   250 |   339 ||   761
Dodge: Dodged            |    60 |    44 |   169 |   504 |   458 ||  1235
Block: Buckler           |       |       |       |    14 |   188 ||   202
